TOP OF THE 1ST |
Kenosha Kingfish batting - Pitching for Nashua Redlegs : LHP Raúl Fernández
|
Pitching: LHP Raúl Fernández
|
|
Batting: RHB Manuel Gómez
|
0-0: Ball 1-0: Ground out 6-3 (Groundball, 6)
|
Batting: SHB Júlio Valentín
|
0-0: Foul Ball, location: 2F 0-1: Ball 1-1: Called Strike 1-2: SINGLE (Line Drive, 7S)
|
Batting: RHB Francisco Martínez
|
0-0: Ball 1-0: Called Strike 1-1: Ball Wild Pitch! Júlio Valentín to second 2-1: Ball 3-1: Foul Ball, location: 2F 3-2: Ground out 5-3 (Groundball, 5S) Júlio Valentín to third
|
Batting: RHB Matt Rodríguez
|
0-0: Fly out, F8 (Flyball, 8RS)
|
Top of the 1st over - 0 run(s), 1 hit(s), 0 error(s), 1 left on base; Kenosha 0 - Nashua 0 |
BOTTOM OF THE 1ST |
Nashua Redlegs batting - Pitching for Kenosha Kingfish : RHP Kel Meyer
|
Pitching: RHP Kel Meyer
|
|
Batting: LHB Mike Harris
|
0-0: Called Strike 0-1: Foul Ball, location: 2F 0-2: Ball 1-2: Strikes out looking
|
Batting: RHB Paul Hardy
|
0-0: Called Strike 0-1: Ball 1-1: Ball 2-1: Ball 3-1: Base on Balls
|
Batting: LHB Richard Olvera
|
0-0: Ball 1-0: Swinging Strike 1-1: Swinging Strike 1-2: Ball 2-2: Fly out, F8 (Flyball, 8RS)
|
Batting: LHB Frank Young
|
0-0: Fly out, F7 (Flyball, 7S)
|
Bottom of the 1st over - 0 run(s), 0 hit(s), 0 error(s), 1 left on base; Kenosha 0 - Nashua 0 |
TOP OF THE 2ND |
Kenosha Kingfish batting - Pitching for Nashua Redlegs : LHP Raúl Fernández
|
Batting: SHB Devin Smith
|
0-0: Called Strike 0-1: Ball 1-1: Called Strike 1-2: Foul Ball, location: 2F 1-2: SINGLE (Flyball, 4MD)
|
Batting: LHB Richard Brooks
|
0-0: Ball Devin Smith steals 2nd base 1-0: Foul Ball, location: 2F 1-1: SINGLE (Groundball, 6MD) Devin Smith to third Runner from 3rd tries for Home, SAFE, no throw or cutoff
|
Batting: RHB Sergio Mata
|
0-0: Ball 1-0: Foul Ball, location: 2F 1-1: Grounds into double play, 6-4-3 (Groundball, 6)
|
Batting: RHB Doug Lutz
|
0-0: Ground out 6-3 (Groundball, 6M)
|
Top of the 2nd over - 1 run(s), 2 hit(s), 0 error(s), 0 left on base; Kenosha 1 - Nashua 0 |
BOTTOM OF THE 2ND |
Nashua Redlegs batting - Pitching for Kenosha Kingfish : RHP Kel Meyer
|
Batting: RHB Javier Ortíz
|
0-0: Called Strike 0-1: Ball 1-1: Ball 2-1: Swinging Strike 2-2: Ground out 4-3 (Groundball, 13)
|
Batting: RHB Eleuterio Supardo
|
0-0: Called Strike 0-1: Ball 1-1: Called Strike 1-2: Ball 2-2: Ball 3-2: Strikes out swinging
|
Batting: LHB Bernardo Rodríguez
|
0-0: Ball 1-0: Fly out, F7 (Line Drive, 7M)
|
Bottom of the 2nd over - 0 run(s), 0 hit(s), 0 error(s), 0 left on base; Kenosha 1 - Nashua 0 |
TOP OF THE 3RD |
Kenosha Kingfish batting - Pitching for Nashua Redlegs : LHP Raúl Fernández
|
Batting: SHB Alfonso Escasán
|
0-0: Foul Ball, location: 2F 0-1: Ball 1-1: Ball 2-1: SINGLE (Groundball, 4MD)
|
Batting: RHB Manuel Gómez
|
0-0: Ball Wild Pitch! Alfonso Escasán to second 1-0: Foul Ball, location: 2F 1-1: Swinging Strike 1-2: Foul Ball, location: 2F 1-2: Strikes out swinging
|
Batting: SHB Júlio Valentín
|
0-0: Ball 1-0: Ball 2-0: Ball 3-0: Base on Balls
|
Batting: RHB Francisco Martínez
|
0-0: Ball 1-0: Foul Ball, location: 2F 1-1: DOUBLE (Line Drive, 89M) Alfonso Escasán scores Júlio Valentín to third
|
Batting: RHB Matt Rodríguez
|
0-0: DOUBLE (Line Drive, 5D) Júlio Valentín scores Francisco Martínez scores
|
Batting: SHB Devin Smith
|
0-0: Ball 1-0: Ball 2-0: Ball 3-0: Called Strike 3-1: Foul Ball, location: 2F 3-2: SINGLE (Flyball, 9S) Matt Rodríguez to third
|
Batting: LHB Richard Brooks
|
0-0: Ball 1-0: Called Strike 1-1: Foul Ball, location: 2F 1-2: Foul Ball, location: 2F 1-2: Foul Ball, location: 2F 1-2: Fly out, F6 (Popup, 56D)
|
Batting: RHB Sergio Mata
|
0-0: Swinging Strike 0-1: Foul Ball, location: 2F 0-2: Ball 1-2: Strikes out swinging
|
Top of the 3rd over - 3 run(s), 4 hit(s), 0 error(s), 2 left on base; Kenosha 4 - Nashua 0 |
BOTTOM OF THE 3RD |
Nashua Redlegs batting - Pitching for Kenosha Kingfish : RHP Kel Meyer
|
Batting: RHB Manuel Alonso
|
0-0: Fly out, F4 (Popup, 3DF)
|
Batting: RHB Gabriel Erwin
|
0-0: Ball 1-0: Called Strike 1-1: Ball 2-1: SINGLE (Groundball, 56D)
|
Batting: LHB Mike Harris
|
0-0: Foul Ball, location: 2F 0-1: Ball 1-1: Ball 2-1: Ball 3-1: Base on Balls Gabriel Erwin to second
|
Batting: RHB Paul Hardy
|
0-0: Ball 1-0: Called Strike 1-1: Ball 2-1: Called Strike 2-2: Ball 3-2: Foul Ball, location: 2F 3-2: Foul Ball, location: 2F 3-2: SINGLE (Line Drive, 56) Gabriel Erwin to third Mike Harris to second Runner from 3rd tries for Home, SAFE, no throw or cutoff
|
Batting: LHB Richard Olvera
|
0-0: Called Strike 0-1: Ball 1-1: Swinging Strike 1-2: SINGLE (Line Drive, 4MD) Mike Harris to third Paul Hardy to second Runner from 3rd tries for Home, SAFE, no throw or cutoff
|
Batting: LHB Frank Young
|
0-0: Called Strike 0-1: Ball 1-1: Foul Ball, location: 2F 1-2: Foul Ball, location: 2F 1-2: Foul Ball, location: 2F 1-2: SINGLE (Line Drive, 78S) Paul Hardy to third Richard Olvera to second Runner from 3rd tries for Home, SAFE, no throw or cutoff
|
Batting: RHB Javier Ortíz
|
0-0: Called Strike 0-1: Swinging Strike 0-2: Strikes out swinging
|
Batting: RHB Eleuterio Supardo
|
0-0: Called Strike 0-1: Hit by Pitch Richard Olvera to third Frank Young to second
|
Batting: LHB Bernardo Rodríguez
|
0-0: Swinging Strike 0-1: Called Strike 0-2: Strikes out swinging
|
Bottom of the 3rd over - 3 run(s), 4 hit(s), 0 error(s), 3 left on base; Kenosha 4 - Nashua 3 |
TOP OF THE 4TH |
Kenosha Kingfish batting - Pitching for Nashua Redlegs : LHP Raúl Fernández
|
Batting: RHB Doug Lutz
|
0-0: Called Strike 0-1: Swinging Strike 0-2: Strikes out swinging, 2-3 out at first.
|
Batting: SHB Alfonso Escasán
|
0-0: Ball 1-0: SINGLE (Line Drive, 56D)
|
Batting: RHB Manuel Gómez
|
0-0: SINGLE (Line Drive, 8LS) Alfonso Escasán to second
|
Batting: SHB Júlio Valentín
|
0-0: DOUBLE (Line Drive, 9LM) Alfonso Escasán scores Manuel Gómez to third Runner from 3rd tries for Home, SAFE, no throw or cutoff
|
Batting: RHB Francisco Martínez
|
0-0: Called Strike 0-1: Ball 1-1: Ball 2-1: SINGLE (Groundball, 4MD) Júlio Valentín to third Runner from 3rd tries for Home, SAFE, no throw or cutoff
|
Batting: RHB Matt Rodríguez
|
0-0: Fly out, F4 (Popup, 4MD)
|
Batting: SHB Devin Smith
|
0-0: Called Strike 0-1: Ball 1-1: Foul Ball, location: 2F 1-2: Ground out 4-3 (Groundball, 4)
|
Top of the 4th over - 3 run(s), 4 hit(s), 0 error(s), 1 left on base; Kenosha 7 - Nashua 3 |
BOTTOM OF THE 4TH |
Nashua Redlegs batting - Pitching for Kenosha Kingfish : RHP Kel Meyer
|
Batting: RHB Manuel Alonso
|
0-0: Ball 1-0: Called Strike 1-1: Called Strike 1-2: SINGLE (Flyball, 6MD)
|
Batting: RHB Gabriel Erwin
|
0-0: Ball 1-0: Swinging Strike 1-1: Ball 2-1: Foul Ball, location: 2F 2-2: Ball 3-2: Foul Ball, location: 2F 3-2: Grounds into double play, 4-6-3 (Groundball, 4)
|
Batting: LHB Mike Harris
|
0-0: Foul Ball, location: 2F 0-1: Called Strike 0-2: Strikes out swinging
|
Bottom of the 4th over - 0 run(s), 1 hit(s), 0 error(s), 0 left on base; Kenosha 7 - Nashua 3 |
TOP OF THE 5TH |
Kenosha Kingfish batting - Pitching for Nashua Redlegs : LHP Raúl Fernández
|
Batting: LHB Richard Brooks
|
0-0: Fly out, F8 (Flyball, 8RM)
|
Batting: RHB Sergio Mata
|
0-0: Ball 1-0: Called Strike 1-1: Foul Ball, location: 2F 1-2: Ground out 5-3 (Groundball, 56)
|
Batting: RHB Doug Lutz
|
0-0: Called Strike 0-1: Swinging Strike 0-2: Ball 1-2: Strikes out swinging
|
Top of the 5th over - 0 run(s), 0 hit(s), 0 error(s), 0 left on base; Kenosha 7 - Nashua 3 |
BOTTOM OF THE 5TH |
Nashua Redlegs batting - Pitching for Kenosha Kingfish : RHP Kel Meyer
|
Batting: RHB Paul Hardy
|
0-0: Foul Ball, location: 2F 0-1: Ball 1-1: Foul Ball, location: 2F 1-2: Ball 2-2: Ball 3-2: SINGLE (Line Drive, 78M)
|
Pitching: LHP Flint Williams
|
|
Batting: LHB Richard Olvera
|
0-0: Foul Ball, location: 2F 0-1: Ball 1-1: Ball 2-1: Called Strike 2-2: Foul Ball, location: 2F 2-2: Strikes out swinging
|
Batting: LHB Frank Young
|
0-0: Ball Wild Pitch! Paul Hardy to second 1-0: SINGLE (Line Drive, 4D) Paul Hardy to third
|
Batting: RHB Javier Ortíz
|
0-0: Foul Ball, location: 2F 0-1: Called Strike 0-2: Ball 1-2: Foul Ball, location: 2F 1-2: Ball 2-2: Foul Ball, location: 2F 2-2: Foul Ball, location: 2F 2-2: Fly out, F8 (Flyball, 8LD) Runner from 3rd tags up, SCORES, no throw
|
Batting: RHB Eleuterio Supardo
|
0-0: Foul Ball, location: 2F 0-1: Ball 1-1: Ball 2-1: Ball 3-1: Called Strike 3-2: Base on Balls Frank Young to second
|
Batting: LHB Bernardo Rodríguez
|
0-0: Foul Ball, location: 2F 0-1: Foul Ball, location: 2F 0-2: Strikes out looking
|
Bottom of the 5th over - 1 run(s), 2 hit(s), 0 error(s), 2 left on base; Kenosha 7 - Nashua 4 |
TOP OF THE 6TH |
Kenosha Kingfish batting - Pitching for Nashua Redlegs : LHP Raúl Fernández
|
Batting: SHB Alfonso Escasán
|
0-0: Called Strike 0-1: Swinging Strike 0-2: Ball 1-2: Strikes out swinging
|
Pitching: RHP Carlos Rodríguez
|
|
Batting: RHB Manuel Gómez
|
0-0: Called Strike 0-1: Fly out, F7 (Popup, 56D)
|
Batting: SHB Júlio Valentín
|
0-0: Ball 1-0: Ball 2-0: Called Strike 2-1: Swinging Strike 2-2: SINGLE (Groundball, 6MD)
|
Batting: RHB Francisco Martínez
|
0-0: Called Strike 0-1: Called Strike 0-2: SINGLE (Groundball, 56) Júlio Valentín to second
|
Batting: RHB Matt Rodríguez
|
0-0: Ground out 6-3 (Groundball, 6)
|
Top of the 6th over - 0 run(s), 2 hit(s), 0 error(s), 2 left on base; Kenosha 7 - Nashua 4 |
BOTTOM OF THE 6TH |
Nashua Redlegs batting - Pitching for Kenosha Kingfish : LHP Flint Williams
|
Batting: RHB Manuel Alonso
|
0-0: Ball 1-0: Ball 2-0: Foul Ball, location: 2F 2-1: Ball 3-1: Swinging Strike 3-2: Strikes out swinging
|
Batting: RHB Gabriel Erwin
|
0-0: Swinging Strike 0-1: Called Strike 0-2: Foul Ball, location: 2F 0-2: Foul Ball, location: 2F 0-2: Foul Ball, location: 2F 0-2: Ball 1-2: Strikes out swinging
|
Batting: LHB Mike Harris
|
0-0: Called Strike 0-1: Foul Ball, location: 2F 0-2: Ball 1-2: Ball 2-2: Strikes out swinging
|
Bottom of the 6th over - 0 run(s), 0 hit(s), 0 error(s), 0 left on base; Kenosha 7 - Nashua 4 |
TOP OF THE 7TH |
Kenosha Kingfish batting - Pitching for Nashua Redlegs : RHP Carlos Rodríguez
|
Batting: SHB Devin Smith
|
0-0: Called Strike 0-1: Foul Ball, location: 2F 0-2: Foul Ball, location: 2F 0-2: Strikes out swinging
|
Batting: LHB Richard Brooks
|
0-0: Ball 1-0: Ball 2-0: Swinging Strike 2-1: Ball 3-1: Ground out 4-3 (Groundball, 4)
|
Batting: RHB Sergio Mata
|
0-0: Called Strike 0-1: Foul Ball, location: 2F 0-2: Ball 1-2: Ball 2-2: Foul Ball, location: 2F 2-2: Foul Ball, location: 2F 2-2: Ground out 6-3 (Groundball, 6)
|
Top of the 7th over - 0 run(s), 0 hit(s), 0 error(s), 0 left on base; Kenosha 7 - Nashua 4 |
BOTTOM OF THE 7TH |
Nashua Redlegs batting - Pitching for Kenosha Kingfish : LHP Flint Williams
|
Pitching: RHP Paul Pothecary
|
|
Batting: RHB Paul Hardy
|
0-0: Ball 1-0: Called Strike 1-1: Ball 2-1: Ground out 4-3 (Groundball, 4)
|
Batting: LHB Richard Olvera
|
0-0: Called Strike 0-1: Foul Ball, location: 2F 0-2: Ball 1-2: Foul Ball, location: 2F 1-2: Ball 2-2: Ball 3-2: Foul Ball, location: 2F 3-2: Base on Balls
|
Batting: LHB Frank Young
|
0-0: Called Strike 0-1: Ball 1-1: Ball 2-1: Called Strike 2-2: Strikes out swinging
|
Batting: RHB Javier Ortíz
|
0-0: Ball 1-0: Ball 2-0: Foul Ball, location: 2F 2-1: Ball 3-1: Base on Balls Richard Olvera to second
|
Batting: RHB Eleuterio Supardo
|
0-0: Called Strike 0-1: Ball 1-1: Foul Ball, location: 2F 1-2: Hit by Pitch Richard Olvera to third Javier Ortíz to second
|
Batting: LHB Bernardo Rodríguez
|
0-0: Called Strike 0-1: Foul Ball, location: 2F 0-2: Ball 1-2: Ball 2-2: Ball 3-2: Strikes out swinging
|
Bottom of the 7th over - 0 run(s), 0 hit(s), 0 error(s), 3 left on base; Kenosha 7 - Nashua 4 |
TOP OF THE 8TH |
Kenosha Kingfish batting - Pitching for Nashua Redlegs : RHP Carlos Rodríguez
|
Batting: RHB Doug Lutz
|
0-0: Called Strike 0-1: Ball 1-1: SINGLE (Groundball, 56D)
|
Batting: SHB Alfonso Escasán
|
0-0: Called Strike 0-1: Ball 1-1: Ball 2-1: Sac Bunt - play at first, batter OUT! 2-3 Doug Lutz to second
|
Pitching: RHP Fernando Valdés
|
|
Batting: RHB Manuel Gómez
|
0-0: Ball 1-0: Fly out, F7 (Popup, 56D)
|
Batting: SHB Júlio Valentín
|
0-0: Swinging Strike 0-1: Called Strike 0-2: Strikes out swinging
|
Top of the 8th over - 0 run(s), 1 hit(s), 0 error(s), 1 left on base; Kenosha 7 - Nashua 4 |
BOTTOM OF THE 8TH |
Nashua Redlegs batting - Pitching for Kenosha Kingfish : RHP Paul Pothecary
|
Batting: RHB Manuel Alonso
|
0-0: DOUBLE (Line Drive, 7LS)
|
Batting: RHB Gabriel Erwin
|
0-0: SINGLE (Groundball, 56D) Manuel Alonso to third Runner from 3rd tries for Home, SAFE, no throw or cutoff
|
Batting: LHB Mike Harris
|
0-0: Ball 1-0: Ball 2-0: Called Strike 2-1: Ball 3-1: Fly out, F8 (Flyball, 8LXD)
|
Batting: RHB Paul Hardy
|
0-0: Foul Ball, location: 2F 0-1: Ball 1-1: Ball 2-1: Called Strike 2-2: Fielders Choice at 2nd, 6-4 (Groundball, 6M)
|
Batting: LHB Richard Olvera
|
0-0: Swinging Strike 0-1: Ball 1-1: Swinging Strike 1-2: Ball 2-2: SINGLE (Groundball, 23) (infield hit) Paul Hardy to second
|
Batting: LHB Frank Young
|
0-0: Foul Ball, location: 2F 0-1: Ball 1-1: Ball 2-1: Fielders Choice at 2nd, 5-4 (Groundball, 5)
|
Bottom of the 8th over - 1 run(s), 3 hit(s), 0 error(s), 1 left on base; Kenosha 7 - Nashua 5 |
TOP OF THE 9TH |
Kenosha Kingfish batting - Pitching for Nashua Redlegs : RHP Fernando Valdés
|
Batting: RHB Francisco Martínez
|
0-0: Ball 1-0: Foul Ball, location: 2F 1-1: Swinging Strike 1-2: Ball 2-2: Ball 3-2: Base on Balls
|
Batting: RHB Matt Rodríguez
|
0-0: Called Strike 0-1: Ball 1-1: Swinging Strike 1-2: Ball 2-2: Strikes out swinging
|
Batting: SHB Devin Smith
|
0-0: Ball 1-0: Called Strike 1-1: Fly out, F5 (Popup, 5SF)
|
Batting: LHB Richard Brooks
|
0-0: Swinging Strike 0-1: Ball 1-1: Called Strike 1-2: Ground out 4-3 (Groundball, 4)
|
Top of the 9th over - 0 run(s), 0 hit(s), 0 error(s), 1 left on base; Kenosha 7 - Nashua 5 |
BOTTOM OF THE 9TH |
Nashua Redlegs batting - Pitching for Kenosha Kingfish : RHP Paul Pothecary
|
Pitching: RHP Edwin Manning
|
|
Batting: RHB Javier Ortíz
|
0-0: Called Strike 0-1: Ball 1-1: Called Strike 1-2: Foul Ball, location: 2F 1-2: Fly out, F6 (Line Drive, 6)
|
Batting: RHB Eleuterio Supardo
|
0-0: Ball 1-0: Ball 2-0: Ball 3-0: Base on Balls
|
Batting: LHB Bernardo Rodríguez
|
0-0: Ball 1-0: Ball 2-0: Fly out, F9 (Flyball, 89M)
|
Pinch Hitting: LHB Bill McCraney
|
0-0: Ground out 4-3 (Groundball, 4)
|
Bottom of the 9th over - 0 run(s), 0 hit(s), 0 error(s), 1 left on base; Kenosha 7 - Nashua 5 |
|